 Dungeon Crawl Stone Soup version 0.28.0 (webtiles) character file.

Game seed: 5968632757125855254

9 RighteousDevil the Vexing (level 2, -1/28 HPs)
             Began as an Ogre Arcane Marksman on Feb 10, 2022.
             Slain by a hobgoblin (3 damage)
             ... on level 1 of the Dungeon.
             The game lasted 00:00:48 (612 turns).

RighteousDevil the Vexing (Ogre Arcane Marksman)     Turns: 612, Time: 00:00:48

Health: -1/28      AC:  3    Str: 13    XL:     2   Next: 16%
Magic:  3/3        EV:  9    Int: 14    God:
Gold:   46         SH:  0    Dex:  9    Spells: 2/3 levels left

rFire   . . .      SeeInvis .   e - +0 dagger
rCold   . . .      Faith    .   (no shield)
rNeg    . . .      Spirit   .   a - +0 robe
rPois   .          Reflect  .   (helmet restricted)
rElec   .          Harm     .   (no cloak)
rCorr   .          Rampage  .   (gloves unavailable)
Will    .....                   (boots unavailable)
Stlth   +.........              (no amulet)
HPRegen 0.09/turn               (no ring)
MPRegen 0.08/turn               (no ring)

@: no status effects
A: large, unfitting armour, tough skin 1
a: no special abilities


You were on level 1 of the Dungeon.
You visited 1 branch of the dungeon, and saw 1 of its levels.

You collected 46 gold pieces.

Inventory:

Hand Weapons
 e - a +0 dagger (weapon)
Missiles
 b - 4 large rocks
 c - 2 throwing nets (quivered)
Armour
 a - a +0 robe (worn)
Scrolls
 d - a scroll of blinking {unknown}
 f - 3 scrolls of teleportation {unknown}


   Skills:
 + Level 2.3 Fighting
 + Level 1.0 Maces & Flails
 - Level 2.0 Throwing
 - Level 1.7 Dodging
 - Level 1.2 Spellcasting
 - Level 2.6 Hexes


You had 2 spell levels left.
You knew the following spells:

 Your Spells              Type           Power      Damage    Failure   Level
a - Slow                  Hex            32%        N/A       9%          1

Your spell library contained the following spells:

 Spells                   Type           Power      Damage    Failure   Level
 Inner Flame              Hex/Fire       4%         N/A       41%         3
 Portal Projectile        Hex/Tloc       8%         N/A       41%         3
 Cause Fear               Hex            4%         N/A       65%         4


Dungeon Overview and Level Annotations

Branches:
Dungeon (1/15)

Altars:


Innate Abilities, Weirdness & Mutations

You are too large for most types of armour.
You have tough skin. (AC +1)


Message History

You closely miss the kobold.
The kobold is severely wounded.
The kobold barely misses you.
You barely miss the kobold.
The kobold is severely wounded.
The kobold hits you with a +0 whip.
* * * LOW HITPOINT WARNING * * *
You hit the kobold.
You kill the kobold!
You hit the ball python.
The ball python is moderately wounded.
The ball python closely misses you.
You barely miss the ball python.
The ball python is moderately wounded.
The ball python closely misses you.
The ball python bites you but does no damage.
You hit the ball python.
The ball python is severely wounded.
The ball python barely misses you.
You completely miss the ball python.
The ball python is severely wounded.
The ball python bites you but does no damage.
You closely miss the ball python.
The ball python is severely wounded.
The ball python bites you but does no damage.
You barely miss the ball python.
The ball python is severely wounded.
The ball python barely misses you.
You hit the ball python.
The ball python is severely wounded.
The ball python bites you.
* * * LOW HITPOINT WARNING * * *
The ball python bites you.
* * * LOW HITPOINT WARNING * * *
You hit the ball python.
You kill the ball python!
You hit the hobgoblin.
The hobgoblin is heavily wounded.
The hobgoblin hits you.
You die...

.## #...........##.##.##.##
.# #.###..####.##.........
.# #.# #..# #.##.......#
+## #.# #..####.##.......##
..###.# #.....#.##.........
...##.# #†.##.#.##.......#
....#.# #..##.#.##.......#
......###...#.#.##........#
................@g.........
.....####...###########....
....## ##.## #..# ...## #.#
#.# ..## #.# .# ≈## #.#
≈≈#### #.# ≈....# #.#
...#.# #.#


You could see a hobgoblin.

Vanquished Creatures
  2 ball pythons (D:1)
  An endoplasm (D:1)
  2 giant cockroaches (D:1)
  A goblin (D:1)
  A frilled lizard (D:1)
  A kobold (D:1)
  A rat (D:1)
9 creatures vanquished.

Notes
Turn   | Place    | Note
-------+----------+-------------------------------------------
     0 | D:1      | RighteousDevil the Ogre Arcane Marksman began the quest for
                  | the Orb.
     0 | D:1      | Reached XP level 1. HP: 19/19 MP: 2/2
   445 | D:1      | Reached XP level 2. HP: 27/28 MP: 3/3
   529 | D:1      | Reached skill level 1 in Maces & Flails
   612 | D:1      | Slain by a hobgoblin

Illustrated notes

Levels and vault maps discovered:
D:1:      minmay_arrival_arboretum_small, layout_loops_corners,
          chequers_serial_rivers_small_a, hex_medium

Skill      XL: |  1  2 |
---------------+-------+-----
Fighting       | 2 |  2.3
Maces & Flails | 1 |  1.0
Throwing       | |  2.0
Dodging        | |  1.7
Spellcasting   | |  1.2
Hexes          | |  2.6

Action                   || total
-------------------------++-------
Melee: Dagger            ||    40
       Unarmed           ||     5
Throw: Large rock        ||     8
       Throwing net      ||     2
Armor: Robe              ||    14
Dodge: Dodged            ||    23
